 Dungeon Crawl Stone Soup version 0.30-a0-540-g0af01429fa (webtiles) character file.

Game seed: 17800941307688581056

469 Adrian566 the Slasher (level 6, -3/79 HPs)
             Began as a Draconian Fighter on Dec 25, 2022.
             Slain by an orc
             ... wielding a +0 trident
              (5 damage)
             ... on level 4 of the Dungeon.
             The game lasted 00:04:36 (3078 turns).

Adrian566 the Slasher (Draconian Fighter)           Turns: 3078, Time: 00:04:37

Health: -3/79      AC: 23    Str: 16 (18) XL:     6   Next: 82%
Magic:  6/6        EV:  2    Int:  6 (9)  God:
Gold:   112        SH:  4    Dex: 11 (12) Spells: 5/5 levels left

rFire   . . .      SeeInvis .    a - +0 long sword
rCold   . . .      Faith    .    b - +0 buckler
rNeg    . . .      Spirit   .    (body armour unavailable)
rPois   +          Reflect  .    (helmet currently unavailable)
rElec   .          Harm     .    (cloak currently unavailable)
rCorr   .          Rampage  .    (gloves currently unavailable)
Will    .....      NoTele   +    (boots currently unavailable)
Stlth   +                        (no amulet)
HPRegen 0.33/turn                (no ring)
MPRegen 0.10/turn                (no ring)

@: tree-form, on berserk cooldown, slowed, very slow
A: stationary, stasis, torment immunity, boosted hp, AC +6, unfitting armour,
(cold-blooded)
a: no special abilities


You were on level 4 of the Dungeon.
You were a tree.
You visited 1 branch of the dungeon, and saw 4 of its levels.

You collected 112 gold pieces.

Inventory:

Hand Weapons
 a - a +0 long sword (weapon)
 n - a +0 scythe
Missiles
 p - a throwing net (quivered)
Armour
 b - a +0 buckler (worn)
Wands
 g - a wand of light (4)
Scrolls
 e - 6 scrolls of teleportation
 f - 3 scrolls of amnesia
 j - a scroll of identify
 m - a scroll of magic mapping
Potions
 c - a potion of might
 h - a potion of lignification
 i - a potion of degeneration
 l - a potion of berserk rage


   Skills:
 + Level 4.4 Fighting
 * Level 5.8 Long Blades
 + Level 3.5 Dodging
 + Level 0.7 Stealth
 + Level 3.7 Shields


You had 5 spell levels left.
You didn't know any spells.
Your spell library contained the following spells:

 Spells                   Type           Power      Damage    Failure   Level
 Summon Forest            Summ/Tloc      0%         N/A       100%        5
 Summon Mana Viper        Hex/Summ       0%         N/A       100%        5
 Summon Cactus Giant      Summ           0%         N/A       100%        6


Dungeon Overview and Level Annotations

Branches:
Dungeon (4/15)
 Temple: D:4-7

Altars:

Shops:
D:4 (


Innate Abilities, Weirdness & Mutations

You are a tree.
Your roots penetrate the ground, keeping you stationary.
You cannot be teleported.
You are immune to unholy pain and torment.
Your maximum health is greatly increased.
Your equipment is partially melded.
((Your plain brown scales are hard. (AC +6)))
You cannot fit into any form of body armour.
((You are cold-blooded and may be slowed by cold attacks.))


Message History

You cannot move.
You swing at nothing.
The orc hits you but does no damage.
You swing at nothing.
The orc hits you but does no damage. x2
You swing at nothing.
The orc hits you but does no damage. You block the orc's attack.
You swing at nothing.
You block the orc's attack.
The orc hits you from afar with a +0 trident.
* * * LOW HITPOINT WARNING * * *
You swing at nothing.
The orc hits you but does no damage.
Okay, then.
This is a scroll of acquirement!
Something appears at your feet! You block the orc's attack. x2
As you read the scroll labelled SIAGHE OPIELINT, it crumbles to dust.
You feel a strange sense of stasis.
It was a scroll of teleportation.
The orc hits you but does no damage.
Unknown command.
As you read the scroll labelled MATHUL QAEMAIB, it crumbles to dust.
It is a scroll of amnesia.
You feel forgetful for a moment. The orc barely misses you.
The orc hits you but does no damage.
As you read the scroll labelled GAXZA GUALEUH, it crumbles to dust.
It is a scroll of identify.
m - a scroll of magic mapping The orc hits you from afar with a +0 trident.
* * * LOW HITPOINT WARNING * * *
As you read the scroll labelled UTULIO MUIPS, it crumbles to dust.
You hear a loud clanging noise!
It was a scroll of noise.
You block the orc's attack. The orc hits you but does no damage.
You swing at nothing.
The orc hits you but does no damage.
You swing at nothing.
The orc hits you but does no damage. You block the orc's attack.
You swing at nothing.
The orc barely misses you. The orc hits you but does no damage.
You swing at nothing.
The orc priest invokes the aid of Beogh against you.
Beogh smites you!
* * * LOW HITPOINT WARNING * * *
The orc hits you from afar with a +0 trident.
You die...

### #.# ########.#
..$.oo)♣.#
########.#
#################.#
.....#............#
####....###########
...#....# ...∩....#
..(#....# ####....#


You could see an orc priest and an orc.

Vanquished Creatures
  Sigmund (D:3)
  The ghost of Darkkill the Shooter, an amateur MiHu (D:3)
  A phantom (D:4)
  An orc wizard (D:4)
  5 adders (D:3)
  2 worms (D:2)
  2 dart slugs
  2 orcs (D:4)
  7 bats
  5 endoplasms
  5 giant cockroaches
  6 goblins
  7 hobgoblins
  3 quokkas
  3 training dummies (D:4)
  7 ball pythons
  2 frilled lizards
  5 kobolds (D:2)
  7 rats
72 creatures vanquished.

Vanquished Creatures (others)
  2 plants (D:1)
2 creatures vanquished.

Grand Total: 74 creatures vanquished

Notes
Turn   | Place    | Note
-------+----------+-------------------------------------------
     0 | D:1      | Adrian566 the Draconian Fighter began the quest for the
                  | Orb.
     0 | D:1      | Reached XP level 1. HP: 19/19 MP: 1/1
   210 | D:1      | Reached XP level 2. HP: 26/26 MP: 2/2
   256 | D:1      | HP: 1/26 [frozen (4)]
   977 | D:2      | Reached XP level 3. HP: 31/33 MP: 3/3
  1538 | D:2      | Reached skill level 3 in Long Blades
  1664 | D:3      | Noticed Sigmund
  1671 | D:3      | Killed Sigmund
  1672 | D:3      | Reached skill level 4 in Long Blades
  1672 | D:3      | Reached XP level 4. HP: 28/40 MP: 4/4
  1672 | D:3      | Reached XP level 5. HP: 33/46 MP: 5/5
  1962 | D:3      | Found a runed translucent gate.
  1962 | D:3      | Found a runed translucent gate.
  1962 | D:3      | Found a runed translucent gate.
  2496 | D:3      | Reached XP level 6. HP: 52/52 MP: 6/6
  2642 | D:3      | Noticed Darkkill's ghost (amateur MiHu)
  2657 | D:3      | Killed Darkkill's ghost
  2658 | D:3      | Reached skill level 5 in Long Blades
  2995 | D:4      | Found Voixat's Firing Range.
  3070 | D:4      | Identified a scroll of acquirement
  3070 | D:4      | Acquired a +0 pair of gloves of stealth
  3078 | D:4      | HP: 2/79 [orc priest/divine providence (8)]
  3078 | D:4      | Slain by an orc

Illustrated notes

Levels and vault maps discovered:
D:1:      minmay_arrival_checkered_box, layout_basic, solitary_fountain,
          chequers_big_river, minmay_crystal_room, minmay_split_cup_small
D:2:      layout_basic, feat_on_display
D:3:      layout_basic, ebering_ghost_rock_garden, uniq_sigmund
D:4:      layout_basic, nicolae_shop_firing_range, uniq_edmund

Skill      XL: |  1  2  3  4  5  6 |
---------------+-------------------+-----
Dodging        | 3 |  3.5
Long Blades    | 4 5 |  5.8
Fighting       | 4 |  4.4
Stealth        | |  0.7
Shields        | |  3.7

Action                   |  1- 3 |  4- 6 || total
-------------------------+-------+-------++-------
Melee: Long sword        |   151 |   108 ||   259
       Tailslap          |    12 |    11 ||    23
  Use: Potion            |     1 |     6 ||     7
       Scroll            |       |     5 ||     5
 Stab: Sleeping          |       |     3 ||     3
Armor: Skin              |    49 |    71 ||   120
Dodge: Dodged            |   132 |    78 ||   210
Block: Buckler           |    42 |    27 ||    69

Table legend: (Time is in decaauts)
 A = Elapsed time spent in this place.
 B = Non-inter-level travel time spent in this place.
 C = Inter-level travel time spent in this place.
 D = Time resting spent in this place.
 E = Time spent auto-exploring this place.
 F = Levels seen in this place.
 G = Mean time per level.
                   A        B        C        D        E       F      G
               +--------+--------+--------+--------+--------+-----+--------+
         Total |   3155 |   3098 |     57 |      0 |   2451 |   4 |  788.8 |
       Dungeon |   3155 |   3098 |     57 |      0 |   2451 |   4 |  788.8 |
               +--------+--------+--------+--------+--------+-----+--------+

Top non-repeatable levels by time:
     D:3: 1165 daAuts
     D:1: 934 daAuts
     D:2: 783 daAuts
     D:4: 271 daAuts
